 Dungeon Crawl Stone Soup version 0.26-a0-58-g79b31b8 (webtiles) character file.

Game seed: 8550762793053869091

628598 robertstho the Dwarven Blade (level 27, -22/272 HPs)
             Began as a Deep Dwarf Fighter on June 5, 2020.
             Was the Champion of Makhleb.
             Annihilated by a purple draconian monk (30 damage)
             ... on level 3 of the Realm of Zot on June 8, 2020.
             The game lasted 03:14:30 (55263 turns).

robertstho the Dwarven Blade (Deep Dwarf Fighter)  Turns: 55263, Time: 03:14:31

Health: -22/272    AC: 41    Str: 38      XL:     27
Magic:  0/0        EV: 19    Int: 19      God:    Makhleb [******]
Gold:   3279       SH:  5    Dex: 15 (16) Spells: 26/26 levels left

rFire    + + +     SeeInvis +   O - +9 great sword (vamp)
rCold    + + .     Gourm    .   (shield currently unavailable)
rNeg     + + .     Faith    .   d - +5 gold dragon scales
rPois    +         Spirit   .   z - +0 helmet "Dyuxzoq" {rF+ Int+2 Dex+4}
rElec    +         Reflect  +   J - scarf {+Inv}
rCorr    .         Harm     .   G - +2 pair of gloves {Str+3}
MR       +++..                  t - +2 pair of boots "Tururhog" {+Fly rElec rPois}
Stlth    ..........             U - amulet "Detyfa" {Reflect rF+ Str+4 Int+4 SH+5}
HPRegen  0.00/turn              M - ring of Wonder {rN+ MR- Int+2 Dex+2 SInv}
MPRegen  0.07/turn              E - +4 ring of protection

@: lethally poisoned (-22 -> -24), non-regenerating
A: damage resistance, heal wounds, clumsy 1, cold resistance 1, deterioration 1,
negative energy resistance 1, sense surroundings 3, no regeneration
}: 3/15 runes: barnacled, silver, gossamer
a: Heal Wounds, Minor Destruction, Lesser Servant of Makhleb, Major Destruction,
Greater Servant of Makhleb, Renounce Religion, Evoke Invisibility, Evoke Flight


You were on level 3 of the Realm of Zot.
You worshipped Makhleb.
Makhleb was exalted by your worship.
You were hungry.

You visited 14 branches of the dungeon, and saw 55 of its levels.
You visited the Abyss 1 time.
You also visited: Gauntlet, Ice Cave and Desolation.

You collected 8591 gold pieces.
You spent 5312 gold pieces at shops.

Inventory:

Hand Weapons
 k - a +2 great sword of holy wrath
 n - a +2 vampiric broad axe
 O - a +9 vampiric great sword (weapon)
 S - a +4 scimitar of flaming
Armour
 d - +5 gold dragon scales (worn)
 s - a +2 helmet of see invisible
 t - the +2 pair of boots "Tururhog" (worn) {+Fly rElec rPois}
   (You bought it in a shop on level 2 of the Orcish Mines)

   It insulates you from electricity.
   It protects you from poison.
   It lets you fly.
 w - a +1 tower shield of protection
 z - the +0 helmet "Dyuxzoq" (worn) {rF+ Int+2 Dex+4}
   (You found it on level 3 of the Crypt)

   It affects your intelligence (+2).
   It affects your dexterity (+4).
   It protects you from fire.
 G - a +2 pair of gloves of strength (worn)
 J - a scarf of invisibility (worn)
 W - the +8 orange crystal plate armour {Archmagi, Int+3 Clar}
   (You found it on level 5 of the Vaults)

   It affects your intelligence (+3).
   It protects you against confusion.
Jewellery
 x - the ring "Ryewk" {rElec rPois rF+ Str-4}
   (You found it on level 2 of the Depths)

   [ring of poison resistance]

   It affects your strength (-4).
   It protects you from fire.
   It insulates you from electricity.
   It protects you from poison.
 y - an uncursed ring of protection from fire
 A - an uncursed ring of protection from cold
 B - an uncursed ring of positive energy
 E - a +4 ring of protection (right hand)
 I - the ring "Fugofakh" {+Fly rPois rC+ rCorr Str-4}
   (You acquired it on level 2 of the Vaults)

   [ring of resist corrosion]

   It affects your strength (-4).
   It protects you from cold.
   It protects you from poison.
   It lets you fly.
   It provides partial protection from all sources of acid and corrosion.
 M - the ring of Wonder (left hand) {rN+ MR- Int+2 Dex+2 SInv}
   (You found it on level 2 of the Depths)

   [ring of see invisible]

   It affects your intelligence (+2).
   It affects your dexterity (+2).
   It protects you from negative energy.
   It affects your resistance to hostile enchantments.
   It lets you see invisible.
 P - the ring "Ememoibe" {rN+ MR+++ MP+9 Int-2 Stlth+}
   (You found it on level 3 of the Crypt)

   [ring of positive energy]

   It affects your intelligence (-2).
   It protects you from negative energy.
   It affects your resistance to hostile enchantments.
   It affects your magic capacity (+9).
   It makes you more stealthy.
 U - the amulet "Detyfa" (around neck) {Reflect rF+ Str+4 Int+4 SH+5}
   (You bought it in a shop on level 1 of the Depths)

   [amulet of reflection]

   It shields you and reflects attacks.
   It affects your strength (+4).
   It affects your intelligence (+4).
   It protects you from fire.
   It affects your SH (+5).
Wands
 p - a wand of digging (14)
 F - a wand of iceblast (13)
 H - a wand of disintegration (15)
 R - a wand of acid (32)
Scrolls
 b - 5 scrolls of immolation
 e - 14 scrolls of identify
 h - 3 scrolls of blinking
 i - 20 scrolls of remove curse
 m - 7 scrolls of fog
 q - 16 scrolls of teleportation
 v - 9 scrolls of magic mapping
 K - 3 scrolls of silence
 Q - 4 scrolls of fear
 T - a scroll of holy word
Potions
 a - 4 potions of cancellation
 c - 8 potions of stabbing
 g - 8 potions of haste
 j - 4 potions of resistance
 l - 21 potions of curing
 r - 4 potions of magic
 L - 12 potions of mutation
 N - 6 potions of ambrosia
Miscellaneous
 o - the horn of Geryon
 X - a box of beasts
 Y - a lightning rod (4/4)
Comestibles
 f - 86 rations
 u - 2 chunks of flesh


   Skills:
 * Level 20.9 Fighting
 * Level 23.6 Long Blades
 + Level 16.1 Axes
 * Level 20.5 Armour
 * Level 18.2 Dodging
 + Level 5.5 Stealth
 + Level 13.5 Shields
 * Level 20.7 Invocations
 + Level 3.3 Evocations


You had 26 spell levels left.
You didn't know any spells.
Your spell library contained the following spells:

 Spells                   Type           Power        Failure   Level  Hunger
 Animate Skeleton         Necr           N/A          77%         1    ##.....
 Apportation              Tloc           #.....       77%         1    ##.....
 Beastly Appendage        Tmut           #.....       77%         1    ##.....
 Corona                   Hex            #......      77%         1    ##.....
 Foxfire                  Conj/Fire      #...         77%         1    ##.....
 Freeze                   Ice            #...         77%         1    ##.....
 Infusion                 Chrm           #...         77%         1    ##.....
 Magic Dart               Conj           #...         77%         1    ##.....
 Pain                     Necr           #...         77%         1    ##.....
 Sandblast                Erth           #.....       77%         1    ##.....
 Shock                    Conj/Air       #...         77%         1    ##.....
 Sting                    Tmut/Pois      #...         77%         1    ##.....
 Summon Butterflies       Summ           #.......     77%         1    ##.....
 Summon Small Mammal      Summ           #...         77%         1    ##.....
 Blink                    Tloc           N/A          88%         2    ###....
 Call Imp                 Summ           #.......     88%         2    ###....
 Corpse Rot               Necr/Air       N/A          88%         2    ###....
 Ensorcelled Hibernation  Hex/Ice        #.....       88%         2    ###....
 Passwall                 Tmut/Erth      #.......     88%         2    ###....
 Poisonous Vapours        Pois/Air       #.....       88%         2    ###....
 Shroud of Golubria       Chrm/Tloc      #.....       88%         2    ###....
 Slow                     Hex            #.......     88%         2    ###....
 Song of Slaying          Chrm           #.......     88%         2    ###....
 Sticks to Snakes         Tmut           #.......     88%         2    ###....
 Sublimation of Blood     Necr           #.........   88%         2    ###....
 Swiftness                Chrm/Air       #.......     88%         2    ###....
 Call Canine Familiar     Summ           #.......     98%         3    ####...
 Confusing Touch          Hex            #.......     98%         3    ####...
 Conjure Flame            Conj/Fire      #.......     98%         3    ####...
 Dazzling Flash           Conj/Hex       #.....       98%         3    ####...
 Frozen Ramparts          Ice            #.....       98%         3    ####...
 Ignite Poison            Fire/Tmut/Pois #.......     98%         3    ####...
 Inner Flame              Hex/Fire       #.......     98%         3    ####...
 Mephitic Cloud           Conj/Pois/Air  #.......     98%         3    ####...
 Ozocubu's Armour         Chrm/Ice       #.......     98%         3    ####...
 Recall                   Summ/Tloc      N/A          98%         3    ####...
 Spectral Weapon          Hex/Chrm       #.......     98%         3    ####...
 Static Discharge         Conj/Air       #.......     98%         3    ####...
 Stone Arrow              Conj/Erth      #.....       98%         3    ####...
 Summon Guardian Golem    Hex/Summ       #.......     98%         3    ####...
 Tukima's Dance           Hex            #.......     98%         3    ####...
 Vampiric Draining        Necr           #.........   98%         3    ####...
 Airstrike                Air            #.........   100%        4    #####..
 Animate Dead             Necr           N/A          100%        4    #####..
 Cause Fear               Hex            #.........   100%        4    #####..
 Dispel Undead            Necr           #.......     100%        4    #####..
 Hailstorm                Conj/Ice       #.......     100%        4    #####..
 Iskenderun's Mystic Bla  Conj/Tloc      #.......     100%        4    #####..
 Leda's Liquefaction      Hex/Erth       #.........   100%        4    #####..
 Olgreb's Toxic Radiance  Pois           #.......     100%        4    #####..
 Petrify                  Tmut/Erth      #.......     100%        4    #####..
 Sticky Flame             Conj/Fire      #.......     100%        4    #####..
 Summon Ice Beast         Ice/Summ       #.......     100%        4    #####..
 Summon Lightning Spire   Summ/Air       #.......     100%        4    #####..
 Agony                    Necr           #.......     100%        5    ######.
 Alistair's Intoxication  Tmut/Pois      #.......     100%        5    ######.
 Aura of Abjuration       Summ           #.........   100%        5    ######.
 Blade Hands              Tmut           #.........   100%        5    ######.
 Bolt of Magma            Conj/Fire/Erth #.........   100%        5    ######.
 Borgnjor's Vile Clutch   Necr/Erth      #.........   100%        5    ######.
 Excruciating Wounds      Chrm/Necr      #.........   100%        5    ######.
 Fireball                 Conj/Fire      #.........   100%        5    ######.
 Irradiate                Conj/Tmut      #.........   100%        5    ######.
 Lee's Rapid Deconstruct  Erth           #.........   100%        5    ######.
 Lightning Bolt           Conj/Air       #.........   100%        5    ######.
 Silence                  Hex/Air        #.........   100%        5    ######.
 Summon Demon             Summ           #.........   100%        5    ######.
 Summon Forest            Summ/Tloc      #.........   100%        5    ######.
 Summon Mana Viper        Hex/Summ       #.......     100%        5    ######.
 Yara's Violent Unravell  Hex/Tmut       #.........   100%        5    ######.
 Conjure Ball Lightning   Conj/Air       #.........   100%        6    #######
 Darkness                 Hex            #.........   100%        6    #######
 Death Channel            Necr           #.........   100%        6    #######
 Dispersal                Tloc           #.........   100%        6    #######
 Hydra Form               Tmut           #.........   100%        6    #######
 Iron Shot                Conj/Erth      #.........   100%        6    #######
 Ozocubu's Refrigeration  Ice            #.........   100%        6    #######
 Shadow Creatures         Summ           N/A          100%        6    #######
 Simulacrum               Ice/Necr       #.........   100%        6    #######
 Starburst                Conj/Fire      #.........   100%        6    #######
 Statue Form              Tmut/Erth      #........    100%        6    #######
 Dragon Form              Tmut           #.........   100%        7    #######
 Malign Gateway           Summ/Tloc      #.........   100%        7    #######
 Ring of Flames           Chrm/Fire      #.........   100%        7    #######
 Summon Hydra             Summ           #.........   100%        7    #######
 Discord                  Hex            #.........   100%        8    #######
 Ignition                 Fire           #.........   100%        8    #######
 Shatter                  Erth           #.........   100%        9    #######
 Tornado                  Air            #.........   100%        9    #######


Dungeon Overview and Level Annotations

Branches:
Dungeon (15/15)            Temple (1/1) D:7            Lair (6/6) D:8
 Shoals (4/4) Lair:2       Spider (4/4) Lair:2        Slime (0/5) Lair:6
    Orc (2/2) D:10            Elf (3/3) Orc:2        Vaults (5/5) D:13
  Crypt (3/3) Vaults:3       Tomb (1/3) Crypt:3      Depths (5/5) D:15
   Hell (visited)             Dis (0/7) Hell            Geh (2/7) Hell
    Coc (0/7) Hell            Tar (0/7) Hell            Zot (3/5) Depths:5
  IceCv (visited)         Desolation (visited)      Gauntlet (visited)

Altars:
Ashenzari
Cheibriados
Dithmenos
Fedhas
Gozag
Hepliaklqana
Kikubaaqudgha
Makhleb
Nemelex Xobeh
Okawaru
Qazlal
Ru
Sif Muna
Trog
Uskayaw
Wu Jian
Xom
Yredelemnul
Zin
The Shining One
Beogh

Shops:
D:6 *(   Orc:1 [   Orc:2 [(([   Shoals:1 *   Shoals:3 ?   Vaults:2 (?
Depths:1 ==}=   Depths:3 (!   Depths:5 (

Portals:
Hell: Depths:1 Depths:2 Depths:3 Depths:4 Depths:5
Abyss: Depths:1 Depths:3 Depths:4 Depths:5
Pandemonium: Depths:3 Depths:5
Ziggurat: Depths:2

Annotations:
D:3 1 runed translucent door, ZappyNine's ghost, novice HaSk
D:5 2 transporters, lunkers's ghost, novice MfIE
Lair:3 1 runed translucent door
Lair:4 3 runed translucent doors, agentchuck's ghost, journeyman VSNe
Spider:3 1 runed translucent door, Ahomnacvode's ghost, adept TrMo
Depths:2 2 runed translucent doors


Innate Abilities, Weirdness & Mutations

You are resistant to damage.
You can heal yourself by infusing magical energy.
You resist negative energy. (rN+)
You passively map a large area around you.
You do not regenerate.
You are clumsy. (Dex -2)
Your flesh is cold resistant. (rC+)
Your body sometimes deteriorates upon taking damage.


Message History

The green draconian completely misses you. x2
You feel sick. The purple draconian monk hits you!!
* * * LOW HITPOINT WARNING * * *
The purple draconian monk barely misses you.
The purple draconian monk tail-slaps you but does no damage.
You feel sick.
The purple draconian monk hits you but does no damage.
The purple draconian monk kicks you but does no damage.
The purple draconian monk tail-slaps you but does no damage.
Evoke which item? (* to show all) (? for menu, Esc to quit)
You open the lid... ...and a larval weirdshock beast leaps out!
You feel sick.
The yellow draconian rages.
The purple draconian monk hits you!!
* * * LOW HITPOINT WARNING * * *
You block the purple draconian monk's attack.
The purple draconian monk barely misses you.
The purple draconian monk hits you!!!
You die...

#### #...
#####
#...###.[.#
#.....)...#
##....))))####
**
#...>.......#
#....).)))..#
, ,
####.)H..).<#
#####@...#####
* , *
#.Ddq#####
,#..d##
,.......# *
,...q...## ,,
........# ,
........# **
####....# ,
.#...#


You could see a purple draconian monk (berserk), a yellow draconian (berserk), a
green draconian, a quicksilver dragon, a yellow draconian annihilator and a
friendly larval weirdshock beast (summoned).

Vanquished Creatures
  An ancient lich (Crypt:3)
  A juggernaut (Depths:5)
  Mara (Crypt:2)
  A greater mummy (Tomb:1)
  Saint Roka (Depths:3)
  4 caustic shrikes (Depths:5)
  A curse toe (Crypt:3)
  5 golden dragons
  Nikola (Depths:2)
  the Enchantress (Depths:2)
  3 bone dragons
  Jory (Crypt:2)
  9 liches
  4 Brimstone Fiends
  A shard shrike zombie (Crypt:2)
  An electric golem (Zot:2)
  Jorgrun (Spider:3)
  Rupert (Lair:4)
  9 tentacled monstrosities
  6 titans
  3 quicksilver dragons
  A hellephant (Hell)
  2 deep elf master archers (Elf:3)
  2 deep elf blademasters
  6 ancient champions
  14 sphinxes
  2 krakens
  2 death cobs (Zot:2)
  6 tengu reavers
  7 shadow dragons
  2 draconian monks
  12 fire giants
  5 storm dragons
  13 frost giants
  5 deep elf sorcerers
  2 iron dragons (Vaults:5)
  2 imperial myrmidons (Desolation)
  A cacodemon (Hell)
  2 ghost moths
  12 vault wardens
  2 draconian scorchers (Zot:3)
  3 draconian knights
  4 emperor scorpions
  4 deep elf elementalists
  5 draconian shifters
  2 balrugs
  6 ghouls
  4 reapers
  Aizul (Spider:4)
  4 draconian stormcallers
  3 spriggan defenders (Depths:2)
  5 draconian annihilators
  A curse skull (Crypt:1)
  22 very ugly things
  A war gargoyle (Vaults:5)
  15 ironheart preservers
  2 orc warlords
  17 stone giants
  2 vampire knights
  8 green draconians
  5 black draconians
  A halazid warlock (Desolation)
  7 entropy weavers
  Azrael (Spider:1)
  4 deep elf annihilators
  8 deep elf demonologists
  6 red draconians
  A minotaur (Gauntlet)
  8 spark wasps
  A white draconian (Depths:5)
  4 purple draconians (Zot:1)
  8 yellow draconians
  2 blizzard demons (Hell)
  A crystal guardian (Vaults:3)
  6 merfolk javelineers (Shoals:4)
  An eidolon (Crypt:2)
  Snorg (Lair:4)
  7 deep elf death magi
  3 merfolk impalers
  23 yaktaur captains
  6 fire dragons
  10 ettins
  A quicksilver dragon zombie (Geh:2)
  2 mummy priests
  2 ragged hierophants (Desolation)
  7 jiangshi
  5 great orbs of eyes
  10 ice dragons
  Harold (D:9)
  19 ogre magi
  5 deep elf high priests
  3 servants of whispers (Desolation)
  Erica (D:10)
  A monstrous demonspawn (Depths:3)
  2 hell beasts
  4 hydras
  3 merfolk avatars
  6 peacekeepers (Desolation)
  A catoblepas (Lair:6)
  4 rakshasas
  31 vault guards
  9 centaur warriors
  55 two-headed ogres
  A spriggan air mage (Depths:2)
  7 merfolk aquamancers
  2 satyrs (Shoals:3)
  24 dancing weapons
  9 death knights
  4 death yaks (Lair:4)
  An alligator snapping turtle (Shoals:4)
  7 vampire magi
  8 deep troll shamans
  6 hell hogs
  5 death scarabs (Spider:4)
  6 deep troll earth magi
  3 tengu warriors
  A thrashing horror (Abyss:2)
  A spriggan berserker (Depths:2)
  Sonja (Lair:5)
  2 titan zombies
  2 storm dragon zombies
  4 sun demons
  23 deep elf knights
  2 iron golems (Hell)
  3 soul eaters
  2 shadow wraiths
  5 titan skeletons
  A spatial maelstrom (Abyss:2)
  3 iron trolls
  21 hell knights
  A salamander mystic (Depths:3)
  3 wretched stars (Abyss:2)
  A spectral emperor scorpion (Spider:4)
  10 flayed ghosts
  33 deep trolls
  2 unseen horrors
  13 sea snakes
  16 skeletal warriors
  A kraken simulacrum (Shoals:4)
  A swamp dragon (shapeshifter) (Depths:4)
  5 wizards
  An anaconda zombie (Hell)
  18 deep elf archers
  2 glowing orange brains
  2 harpies (shapeshifter)
  A golden dragon skeleton (Geh:1)
  An orange crystal statue (Depths:1)
  6 phantasmal warriors
  5 lindwurms
  9 necromancers
  2 spectral wolf spiders (Spider:4)
  9 orc knights
  A shadow dragon zombie (Depths:3)
  13 ironbrand convokers
  20 wolf spiders
  An anaconda skeleton (Geh:2)
  10 harpies
  2 wolf spider zombies
  2 shadow dragon skeletons
  A fire giant zombie (Depths:3)
  9 orb spiders
  9 cyclopes
  An oklob plant (Lair:4)
  24 ugly things
  54 deep elf magi
  13 manticores
  15 fauns
  2 orc sorcerers
  A shining eye (Depths:2)
  28 moths of wrath
  2 frost giant zombies
  4 salamanders
  6 water nymphs
  8 merfolk sirens
  A salamander (shapeshifter) (Vaults:3)
  2 fire giant skeletons
  A guardian serpent (shapeshifter) (Elf:2)
  A torpor snail (Spider:3)
  An iron dragon skeleton (Geh:2)
  4 guardian serpents (Desolation)
  3 rust devils (Hell)
  A frost giant skeleton (Tomb:1)
  2 elephants (Gauntlet)
  A molten gargoyle (Hell)
  23 vault sentinels
  4 black mambas
  3 ice statues
  12 spiny frogs
  A centaur skeleton (D:15)
  6 hellions
  5 smoke demons
  A black draconian zombie (Crypt:1)
  An elf skeleton (Depths:3)
  A spectral redback (Spider:4)
  A kobold demonologist (D:13)
  A spriggan skeleton (Depths:1)
  2 spiny frogs (shapeshifter)
  Maggie (D:9)
  5 efreet
  11 freezing wraiths
  3 tormentors
  2 redback zombies (Spider:4)
  3 komodo dragons (shapeshifter)
  6 komodo dragons
  An emperor scorpion zombie (Tomb:1)
  13 guardian mummies
  9 ice devils
  12 demonic crawlers
  5 rime drakes
  A hydra zombie (Hell)
  52 yaktaurs
  2 harpy zombies
  An anaconda simulacrum (Hell)
  An ancient zyme (Abyss:2)
  A hellwing (Abyss:2)
  41 merfolk
  27 jumping spiders
  11 red devils
  4 tengu conjurers
  A queen bee (shapeshifter) (Vaults:3)
  19 large abominations
  4 spectral jumping spiders (Spider:4)
  2 polar bears
  A shadow dragon simulacrum (Depths:1)
  10 wind drakes
  11 hornets
  7 trolls
  4 raiju (Abyss:2)
  2 hydra skeletons (Hell)
  34 saltlings
  12 blink frogs
  2 spectral tarantellas (Spider:4)
  2 blink frogs (shapeshifter)
  An alligator zombie (Hell)
  A bog body (Crypt:1)
  12 dream sheep
  2 fire dragon zombies
  2 tarantella zombies
  A satyr zombie (Crypt:1)
  29 slime creatures
  An ettin zombie (Geh:2)
  2 jumping spider zombies (Spider:4)
  A centaur simulacrum (D:15)
  A human simulacrum (Vaults:1)
  19 flying skulls
  Sigmund (D:2)
  13 snapping turtles
  10 hippogriffs
  A hippogriff (shapeshifter) (Vaults:5)
  A wyvern (Lair:5)
  2 black mamba zombies (Crypt:3)
  2 humans (shapeshifter)
  An ettin skeleton (Tomb:1)
  2 ice dragon skeletons
  82 redbacks
  5 spriggans (Depths:2)
  4 shadows
  A tarantella (shapeshifter) (Vaults:3)
  A fire dragon skeleton (Depths:1)
  2 ushabtiu (Tomb:1)
  An alligator skeleton (Hell)
  17 water elementals
  9 wraiths
  3 vampires
  30 tarantellas
  5 chaos spawn
  A tyrant leech zombie (Crypt:1)
  16 yaks
  2 hungry ghosts
  2 ynoxinuls
  13 fire elementals
  5 basilisks
  10 vampire mosquitoes
  A hydra simulacrum (Hell)
  2 insubstantial wisps (Lair:3)
  2 spiny frog zombies (Hell)
  A two-headed ogre skeleton (Crypt:3)
  A spectral hornet (Spider:4)
  8 wargs
  12 porcupines
  2 sky beasts
  8 water moccasins
  30 hell hounds
  9 ice beasts
  2 swamp drakes (Lair:3)
  An acid dragon (Vaults:2)
  A deep troll skeleton (Crypt:2)
  2 floating eyes
  A spiny frog skeleton (Hell)
  A manticore zombie (Geh:2)
  54 orc warriors
  2 eyes of draining (shapeshifter) (Vaults:1)
  3 eyes of draining
  5 necrophages
  A swamp dragon zombie (Crypt:1)
  3 ettin simulacra (Depths:3)
  3 phantoms
  A wolf (Lair:6)
  4 boggarts (Depths:1)
  A snapping turtle skeleton (Geh:2)
  A hornet zombie (Spider:4)
  46 ogres
  14 centaurs
  15 crocodiles
  A big kobold (D:12)
  3 hippogriff zombies (Shoals:2)
  4 elf zombies (Elf:2)
  21 bullfrogs
  4 earth elementals
  A yaktaur skeleton (Crypt:1)
  A wyvern zombie (D:12)
  A salamander skeleton (Crypt:3)
  21 small abominations
  2 water moccasin skeletons
  2 scorpions (D:8)
  28 wights
  4 killer bees (D:12)
  2 electric eels (Spider:1)
  3 howler monkeys
  A troll skeleton (Geh:2)
  5 centaur zombies
  8 crimson imps
  2 quasits
  7 jellies
  A bullfrog zombie (D:12)
  2 hounds
  A basilisk zombie (Crypt:1)
  A human zombie (Geh:2)
  28 orc priests
  A black bear zombie (Crypt:3)
  A human skeleton (Geh:2)
  6 iguanas
  29 orc wizards
  7 worker ants
  A hell rat (Lair:6)
  A killer bee zombie (D:7)
  A naga skeleton (Geh:2)
  A hound skeleton (D:5)
  2 howler monkey zombies
  7 mummies
  A worker ant zombie (D:6)
  10 adders
  4 gnolls (D:8)
  A steam dragon zombie (Crypt:2)
  3 shadow imps
  19 white imps
  6 ufetubi (IceCv)
  8 oozes
  An adder zombie (D:9)
  A lava snake zombie (Crypt:1)
  2 adder skeletons
  5 worms
  2 dart slugs
  5 leopard geckos
  135 orcs
  A ball python (D:1)
  9 bats
  8 giant cockroaches
  15 goblins
  15 hobgoblins
  3 jackals (D:4)
  3 quokkas
  2 frilled lizards
  2 frilled lizard zombies
  20 kobolds
  6 rats
  3 plants
  5 tentacles
2531 creatures vanquished.

Vanquished Creatures (collateral kills)
  Geryon (Hell)
  A lich (Geh:2)
  A deep elf blademaster (Elf:3)
  A revenant (Crypt:3)
  A deep elf sorcerer (Elf:3)
  An imperial myrmidon (Desolation)
  A cacodemon (Gauntlet)
  3 reapers (Hell)
  2 war gargoyles (Hell)
  2 deep elf demonologists (Elf:3)
  2 halazid warlocks (Desolation)
  2 dire elephants
  A spark wasp (Spider:4)
  4 deep elf annihilators (Elf:3)
  The ghost of vertexvortex the Geomancer, a journeyman GrEE of Sif Muna (Lair:1)
  2 deep elf death magi (Elf:3)
  A merfolk impaler (Shoals:3)
  4 ragged hierophants (Desolation)
  3 servants of whispers (Desolation)
  2 peacekeepers (Desolation)
  3 death scarabs (Spider:4)
  A hell hog (Hell)
  6 soul eaters (Hell)
  A sun demon (Hell)
  2 sixfirhies (Hell)
  A storm dragon skeleton (Crypt:3)
  A skeletal warrior (Crypt:3)
  A flayed ghost (Geh:2)
  A spectral wolf spider (Spider:4)
  A necromancer (Hell)
  2 wolf spider zombies (Spider:4)
  An ironbrand convoker (Desolation)
  A lindwurm (Lair:6)
  A wolf spider (Spider:4)
  A shadow dragon skeleton (Crypt:3)
  A shining eye (Gauntlet)
  An orb spider (Spider:4)
  A manticore (Lair:6)
  A cyclops (Shoals:3)
  An iron dragon skeleton (Geh:2)
  An elephant (Gauntlet)
  3 guardian serpents (Desolation)
  2 smoke demons (Hell)
  5 rust devils (Hell)
  3 hellions (Geh:2)
  An efreet (Geh:2)
  A rime drake (Lair:6)
  2 tormentors
  2 merfolk
  2 ice devils
  A spectral tarantella (Spider:4)
  A red devil (Hell)
  A hydra skeleton (Hell)
  26 saltlings (Desolation)
  A spectral jumping spider (Spider:4)
  2 hornets (Spider:4)
  4 dream sheep (Shoals:3)
  A jumping spider zombie (Spider:4)
  An ettin zombie (Geh:2)
  5 redbacks (Spider:4)
  2 shadows (Geh:2)
  A tarantella (Spider:4)
  A dire elephant simulacrum (Hell)
  9 fire elementals
  2 golden eyes (Gauntlet)
  4 hell hounds (Geh:2)
  A spectral hornet (Spider:4)
  A phantom (Geh:2)
  3 orc warriors (Orc:2)
  A snapping turtle zombie (Geh:2)
  2 ogres (Orc:1)
  A crocodile (Lair:1)
  A manticore skeleton (Geh:2)
  A wight (Geh:2)
  A crimson imp (Geh:2)
  An orc priest (Orc:2)
  A human zombie (Hell)
  3 orc wizards (Orc:2)
  4 orcs (Orc:2)
  A bat (Orc:1)
171 creatures vanquished.

Vanquished Creatures (others)
  A lich (Vaults:5)
  2 fire giants
  A reaper (IceCv)
  2 merfolk javelineers (Shoals:4)
  A fire dragon (Depths:1)
  A merfolk impaler (Shoals:4)
  A two-headed ogre (Depths:2)
  A hell hog (Hell)
  A merfolk aquamancer (Shoals:1)
  2 necromancers
  A deep elf mage (Elf:1)
  A faun (Shoals:1)
  A yaktaur (Vaults:1)
  An efreet (Depths:3)
  A jumping spider (Spider:1)
  A redback (Spider:2)
  2 tarantellas
  A hell hound (Geh:2)
  An orc warrior (Vaults:5)
  2 ogres
  A necrophage (Geh:2)
  A boggart (Depths:1)
  A wight (Geh:2)
  3 white imps (IceCv)
  3 ufetubi (IceCv)
  5 fungi
  A lurking horror (Abyss:2)
  11 plants
  15 tentacles
  20 toadstools
86 creatures vanquished.

Grand Total: 2788 creatures vanquished

Notes
Turn   | Place    | Note
-------+----------+-------------------------------------------
     0 | D:1      | robertstho the Deep Dwarf Fighter began the quest for the
                  | Orb.
     0 | D:1      | Reached XP level 1. HP: 20/20 MP: 1/1
    73 | D:1      | Reached XP level 2. HP: 25/27 MP: 2/2
   411 | D:1      | Reached XP level 3. HP: 19/34 MP: 3/3
   415 | D:1      | Reached skill level 1 in Dodging
   687 | D:2      | Noticed Sigmund
   711 | D:2      | Killed Sigmund
   711 | D:2      | Reached XP level 4. HP: 11/42 MP: 3/3
   711 | D:2      | Reached XP level 5. HP: 12/49 MP: 4/4
  1333 | D:3      | Found a runed translucent door.
  1333 | D:3      | Noticed ZappyNine's ghost (novice HaSk)
  1469 | D:3      | Reached XP level 6. HP: 35/56 MP: 5/5
  1528 | D:3      | Reached skill level 5 in Axes
  1823 | D:3      | Noticed an ice beast
  1861 | D:3      | Killed an ice beast
  2228 | D:4      | Found an ancient bone altar of Kikubaaqudgha.
  2228 | D:4      | Found a blossoming altar of Fedhas.
  2233 | D:4      | Found an ornate altar of the Wu Jian Council.
  2235 | D:4      | Found a faded altar of an unknown god.
  2237 | D:4      | Found an iron altar of Okawaru.
  2272 | D:4      | Reached XP level 7. HP: 43/63 MP: 6/6
  2381 | D:4      | Reached skill level 5 in Armour
  2727 | D:4      | Reached skill level 5 in Shields
  3160 | D:5      | Entered Level 5 of the Dungeon
  3181 | D:5      | Reached XP level 8. HP: 24/72 MP: 6/6
  3196 | D:5      | Found a transporter.
  3200 | D:5      | Found a transporter.
  3203 | D:5      | Noticed lunkers's ghost (novice MfIE)
  4231 | D:6      | Found Exziwkau's Antique Weapon Shoppe.
  4241 | D:6      | Bought a runed battleaxe for 247 gold pieces
  4349 | D:6      | Gained mutation: You passively map the area around you.
                  | [Deep Dwarf growth]
  4349 | D:6      | Reached XP level 9. HP: 58/80 MP: 5/5
  4390 | D:6      | Found Awahur's Assorted Antiques.
  4394 | D:6      | Reached skill level 1 in Stealth
  4403 | D:6      | Reached skill level 5 in Fighting
  4528 | D:6      | Found a hazy altar of Hepliaklqana.
  4682 | D:7      | Reached skill level 5 in Dodging
  4777 | D:7      | Found a staircase to the Ecumenical Temple.
  4851 | Temple   | Entered the Ecumenical Temple
  5035 | Temple   | Became a worshipper of Makhleb the Destroyer
  5496 | D:8      | Found a staircase to the Lair.
  5503 | D:8      | Reached skill level 1 in Invocations
  5575 | D:8      | Reached skill level 10 in Axes
  5582 | D:8      | Reached XP level 10. HP: 51/91 MP: 4/4
  5736 | D:8      | Reached * piety under Makhleb
  6147 | D:8      | Reached skill level 1 in Long Blades
  6176 | D:8      | Reached skill level 2 in Long Blades
  6300 | D:8      | Reached ** piety under Makhleb
  6785 | D:9      | Noticed a two-headed ogre
  6792 | D:9      | Killed a two-headed ogre
  6792 | D:9      | Reached skill level 3 in Long Blades
  6891 | D:9      | Found a bloodstained altar of Trog.
  6927 | D:9      | Noticed Maggie
  6934 | D:9      | Killed Maggie
  6984 | D:9      | Noticed Harold
  7007 | D:9      | Killed Harold
  7007 | D:9      | Reached skill level 4 in Long Blades
  7019 | D:9      | Reached XP level 11. HP: 89/99 MP: 7/7
  7072 | D:9      | Found an opulent altar of Gozag.
  7312 | D:9      | Reached skill level 5 in Invocations
  7439 | D:10     | Entered Level 10 of the Dungeon
  7606 | D:10     | Found a staircase to the Orcish Mines.
  7629 | D:10     | Reached *** piety under Makhleb
  7675 | D:10     | Noticed a two-headed ogre
  7685 | D:10     | Killed a two-headed ogre
  7685 | D:10     | Reached skill level 5 in Long Blades
  7722 | D:10     | Noticed Erica
  7742 | D:10     | Killed Erica
  8594 | D:12     | Noticed a six-headed hydra
  8608 | D:12     | Killed a one-headed hydra
  8620 | D:12     | Killed an unseen horror
  8666 | D:12     | Reached skill level 6 in Long Blades
  8710 | D:12     | Found a frozen archway.
  8719 | D:12     | Reached **** piety under Makhleb
  8736 | IceCv    | Entered an ice cave
  8811 | IceCv    | Killed a reaper
  9107 | D:12     | Found Tyas Qoch's Magic Scroll Emporium.
  9127 | D:12     | Bought a scroll of vulnerability for 105 gold pieces
  9127 | D:12     | Bought 2 scrolls of identify for 56 gold pieces
  9127 | D:12     | Bought a scroll of identify for 28 gold pieces
  9127 | D:12     | Bought a scroll of amnesia for 49 gold pieces
  9127 | D:12     | Bought a scroll of identify for 28 gold pieces
  9127 | D:12     | Bought a scroll of identify for 28 gold pieces
  9127 | D:12     | Bought a scroll of torment for 105 gold pieces
  9127 | D:12     | Bought a scroll of teleportation for 42 gold pieces
  9168 | D:12     | Noticed a purple ugly thing
  9203 | D:12     | Killed a purple ugly thing
  9209 | D:12     | Reached XP level 12. HP: 101/110 MP: 5/5
  9471 | D:12     | Reached skill level 7 in Long Blades
  9543 | D:13     | Noticed a two-headed ogre
  9551 | D:13     | Killed a two-headed ogre
  9748 | D:13     | Noticed a two-headed ogre
  9754 | D:13     | Killed a two-headed ogre
  9763 | D:13     | Found a gate to the Vaults.
  9836 | D:13     | Noticed a centaur warrior
  9847 | D:13     | Killed a centaur warrior
  9924 | D:13     | Found an opulent altar of Gozag.
  9944 | D:13     | Reached skill level 8 in Long Blades
 10409 | D:14     | Found a gate leading to a gauntlet.
 10427 | Gauntlet | Entered a Gauntlet
 10427 | Gauntlet | Found a transporter.
 10427 | Gauntlet | Found a transporter.
 10431 | Gauntlet | Found a transporter.
 10431 | Gauntlet | Found a transporter.
 10451 | Gauntlet | Found a transporter.
 10452 | Gauntlet | Noticed a hell beast
 10457 | Gauntlet | Noticed a death yak
 10459 | Gauntlet | Noticed a death yak
 10459 | Gauntlet | Noticed a dire elephant
 10460 | Gauntlet | Noticed a death yak
 10461 | Gauntlet | Found the +2 ratskin cloak {+Rats rPois rN+ Str-1 Int-1
                  | Dex+1}
 10461 | Gauntlet | Found a transporter.
 10462 | Gauntlet | Found a transporter.
 10464 | Gauntlet | Found a transporter.
 10491 | Gauntlet | Found a transporter.
 10492 | Gauntlet | Noticed a cacodemon
 10498 | Gauntlet | Found a transporter.
 10518 | Gauntlet | Found a transporter.
 10551 | Gauntlet | Found a transporter.
 10565 | Gauntlet | Found a transporter.
 10574 | Gauntlet | Noticed a death ooze
 10655 | Gauntlet | Found a transporter.
 10665 | Gauntlet | Found a transporter.
 10667 | Gauntlet | Found a large runed translucent door.
 10667 | Gauntlet | Found a large runed translucent door.
 10668 | Gauntlet | Found a large runed translucent door.
 10668 | Gauntlet | Found a large runed translucent door.
 10669 | Gauntlet | Found a runed translucent door.
 10669 | Gauntlet | Found a large runed translucent door.
 10669 | Gauntlet | Found a large runed translucent door.
 10669 | Gauntlet | Found a runed translucent door.
 10669 | Gauntlet | Found a large runed translucent door.
 10669 | Gauntlet | Found a large runed translucent door.
 10670 | Gauntlet | Found a large runed translucent door.
 10670 | Gauntlet | Found a large runed translucent door.
 10673 | Gauntlet | Found a large runed translucent door.
 10673 | Gauntlet | Found a large runed translucent door.
 10675 | Gauntlet | Found a large runed translucent door.
 10675 | Gauntlet | Found a large runed translucent door.
 10675 | Gauntlet | Found a large runed translucent door.
 10677 | Gauntlet | Found a runed translucent gate.
 10677 | Gauntlet | Found a runed translucent gate.
 10677 | Gauntlet | Found a runed translucent gate.
 10679 | Gauntlet | Found a transporter.
 10690 | Gauntlet | Found a large runed translucent door.
 10824 | Gauntlet | Gained mutation: Your flesh is cold resistant. (rC+) [a
                  | shining eye]
 10903 | Gauntlet | Killed a cacodemon
 10911 | Gauntlet | Got a slimy bone ring
 10913 | Gauntlet | Identified the ring "Juesit" {*Tele rF+} (You found it in a
                  | Gauntlet)
 10947 | Gauntlet | Killed a dire elephant
 10947 | Gauntlet | Reached skill level 10 in Armour
 10983 | Gauntlet | Noticed a minotaur
 11003 | Gauntlet | Killed a minotaur
 11011 | Gauntlet | Identified the Volume of Mutagenic Enhancements
 11174 | D:14     | Found a stormy altar of Qazlal.
 11498 | D:14     | Reached XP level 13. HP: 120/120 MP: 5/5
 11842 | D:15     | Entered Level 15 of the Dungeon
 11866 | D:14     | Reached skill level 9 in Long Blades
 12037 | Lair:1   | Entered Level 1 of the Lair of Beasts
 12116 | Lair:1   | Found a runed translucent door.
 12116 | Lair:1   | Noticed vertexvortex's ghost (journeyman GrEE)
 12375 | Lair:1   | Killed vertexvortex's ghost
 12907 | Lair:2   | Found a staircase to the Shoals.
 13326 | Lair:2   | Found a hole to the Spider Nest.
 14349 | Lair:3   | Found a runed translucent door.
 14798 | Lair:4   | Noticed Rupert
 14821 | Lair:4   | Killed Rupert
 14821 | Lair:4   | Reached skill level 10 in Long Blades
 14934 | Lair:4   | Found a runed translucent gate.
 14934 | Lair:4   | Found a runed translucent gate.
 14934 | Lair:4   | Found a runed translucent gate.
 14940 | Lair:4   | Noticed agentchuck's ghost (journeyman VSNe)
 15348 | Lair:4   | Noticed Snorg
 15358 | Lair:4   | Killed Snorg
 15679 | Lair:5   | Gained mutation: You resist negative energy. (rN+) [Deep
                  | Dwarf growth]
 15679 | Lair:5   | Reached XP level 14. HP: 130/130 MP: 5/5
 16106 | Lair:5   | Noticed Sonja
 16124 | Lair:5   | Killed Sonja
 16124 | Lair:5   | Reached skill level 10 in Fighting
 16571 | Lair:6   | Entered Level 6 of the Lair of Beasts
 16650 | Lair:6   | Reached skill level 11 in Long Blades
 16708 | Lair:6   | Found a staircase to the Slime Pits.
 16777 | Lair:6   | Reached ***** piety under Makhleb
 17239 | Lair:6   | Reached skill level 10 in Dodging
 17239 | Lair:6   | Reached skill level 10 in Invocations
 17585 | Lair:3   | Upgraded the game from 0.26-a0-52-gd53d4cd to
                  | 0.26-a0-58-g79b31b8
 17692 | Lair:4   | Got spiked fire dragon scales
 17703 | Lair:4   | Identified the +7 fire dragon scales "Mabig" {-Cast rF++
                  | rC- Dex+4} (You found it on level 4 of the Lair of Beasts)
 17706 | Lair:4   | Reached skill level 12 in Long Blades
 17706 | Lair:4   | Reached skill level 1 in Evocations
 17706 | Lair:4   | Reached XP level 15. HP: 140/140 MP: 6/6
 17901 | Orc:1    | Entered Level 1 of the Orcish Mines
 18196 | Orc:1    | Found Hoopteef's Armour Boutique.
 18476 | Orc:2    | Entered Level 2 of the Orcish Mines
 18751 | Orc:2    | Noticed an orc warlord
 18779 | Orc:2    | Killed an orc warlord
 18968 | Orc:2    | Found Syra's Antique Armour Boutique.
 18969 | Orc:2    | Found a roughly hewn altar of Beogh.
 18970 | Orc:2    | Found Coxogush's Antique Weapon Shop.
 19039 | Orc:2    | Found a staircase to the Elven Halls.
 19067 | Orc:2    | Found a roughly hewn altar of Beogh.
 19224 | Orc:2    | Found a roughly hewn altar of Beogh.
 19237 | Orc:2    | Found Mosy Esa's Weapon Shop.
 19293 | Orc:2    | Found a roughly hewn altar of Beogh.
 19370 | Orc:2    | Found a roughly hewn altar of Beogh.
 19371 | Orc:2    | Found Boewkinn's Armour Shop.
 19406 | Orc:2    | Bought the +2 pair of boots "Tururhog" {+Fly rElec rPois}
                  | for 591 gold pieces
 19532 | Elf:1    | Entered Level 1 of the Elven Halls
 19682 | Elf:1    | Reached skill level 13 in Long Blades
 19861 | Elf:1    | Reached ****** piety under Makhleb
 19999 | Elf:1    | Reached XP level 16. HP: 129/150 MP: 8/8
 20559 | Elf:2    | Found a runed translucent gate.
 20559 | Elf:2    | Found a runed translucent gate.
 20559 | Elf:2    | Found a runed translucent gate.
 20648 | Elf:2    | Reached skill level 14 in Long Blades
 20865 | Elf:2    | Identified Uras's Catalogue of Darkness
 21160 | Elf:2    | Noticed a deep elf blademaster
 21187 | Elf:2    | Killed a deep elf blademaster
 21419 | Elf:2    | Reached skill level 15 in Long Blades
 21697 | Elf:3    | Entered Level 3 of the Elven Halls
 21776 | Elf:3    | Noticed a deep elf blademaster
 21776 | Elf:3    | Noticed a deep elf master archer
 21781 | Elf:3    | Noticed an Ice Fiend
 21796 | Elf:3    | Killed a deep elf blademaster
 21797 | Elf:3    | Cast into level 2 of the Abyss (a deep elf sorcerer)
 22093 | Abyss:2  | Reached XP level 17. HP: 159/159 MP: 8/8
 22228 | Elf:3    | Escaped the Abyss
 22230 | Elf:3    | Noticed a deep elf master archer
 22647 | D:15     | Found a staircase to the Depths.
 22664 | D:15     | Reached skill level 16 in Long Blades
 23362 | Spider:1 | Entered Level 1 of the Spider Nest
 23632 | Spider:1 | Noticed Azrael
 23664 | Spider:1 | Killed Azrael
 25019 | Spider:3 | Found a runed translucent door.
 25021 | Spider:3 | Noticed Ahomnacvode's ghost (adept TrMo)
 25040 | Spider:3 | Noticed Jorgrun
 25068 | Spider:3 | Killed Jorgrun
 25197 | Spider:3 | Reached skill level 17 in Long Blades
 25690 | Spider:4 | Entered Level 4 of the Spider Nest
 25853 | Spider:4 | Gained mutation: You passively map a large area around you.
                  | [Deep Dwarf growth]
 25853 | Spider:4 | Reached XP level 18. HP: 170/170 MP: 10/10
 26185 | Spider:4 | Noticed Aizul
 26225 | Spider:4 | Killed Aizul
 26855 | Spider:4 | Got a gossamer rune of Zot
 27056 | Shoals:1 | Entered Level 1 of the Shoals
 27583 | Shoals:1 | Found Xaocypy's General Store.
 27959 | Shoals:2 | Reached skill level 18 in Long Blades
 28849 | Shoals:3 | Found Puovyg's Magic Scroll Emporium.
 28858 | Shoals:3 | Bought a scroll of holy word for 120 gold pieces
 28962 | Shoals:3 | Reached XP level 19. HP: 181/181 MP: 12/12
 29572 | Shoals:4 | Entered Level 4 of the Shoals
 30349 | Shoals:4 | Identified the Collected Works on the Creative Mountains
 30741 | Shoals:4 | Got a barnacled rune of Zot
 31255 | Elf:3    | Noticed a Brimstone Fiend
 31533 | Elf:3    | Identified the ring of Ymnatonn {Str+6 Dex+3 Slay+2}
 31575 | Elf:3    | Found the +9 heavy crossbow "Sniper" {vorpal, Acc+∞ SInv}
 31582 | Elf:3    | Identified the Volume of Summoning
 31866 | Elf:3    | Identified the +2 great sword "Banisher" {vorpal, Str+4}
 31907 | Elf:3    | Identified the +5 falchion of the Living Dead {vorpal,
                  | Fragile rC+ MP+9} (You found it on level 3 of the Elven
                  | Halls)
 31955 | Elf:3    | Identified the Handbook of Fiery Weightlessness
 32630 | Elf:3    | Found a shimmering blue altar of Sif Muna.
 32845 | Vaults:1 | Entered Level 1 of the Vaults
 32948 | Vaults:1 | Reached skill level 15 in Armour
 33719 | Vaults:1 | Reached skill level 15 in Invocations
 33726 | Vaults:1 | Reached XP level 20. HP: 192/192 MP: 9/9
 34262 | Vaults:2 | You fall into a shaft and drop 1 floor!
 34608 | Vaults:3 | Found a ruined gateway.
 34626 | Desolati | Entered the Desolation of Salt
 34821 | Desolati | Reached skill level 10 in Shields
 34837 | Desolati | Identified Quhonimo's Papyrus of Ashen Battle Magic
 34927 | Desolati | Identified the +1 robe of Defiance {rPois MR+}
 35028 | Desolati | Identified the ring of Perfectionism {rC+ Str-5 Dex+5} (You
                  | found it in the Desolation of Salt)
 35161 | Desolati | Identified the Handbook of Glacial Transformation
 36010 | Vaults:3 | Reached skill level 19 in Long Blades
 36294 | Vaults:3 | Found a staircase to the Crypt.
 36532 | Vaults:4 | Reached skill level 15 in Fighting
 36664 | Vaults:4 | Reached XP level 21. HP: 201/201 MP: 9/9
 36904 | Vaults:4 | Identified a scroll of acquirement
 37703 | Vaults:4 | Reached skill level 20 in Long Blades
 37820 | Vaults:5 | Entered Level 5 of the Vaults
 37946 | Vaults:5 | Reached XP level 22. HP: 213/213 MP: 11/11
 38393 | Vaults:5 | Noticed a golden dragon
 38398 | Vaults:5 | Reached skill level 15 in Dodging
 38414 | Vaults:5 | Killed a golden dragon
 38414 | Vaults:5 | Reached skill level 15 in Axes
 38431 | Vaults:5 | Identified the +6 long sword "Behet" {pain, rC- Int+8
                  | Dex+6}
 38482 | Vaults:5 | Identified the +1 robe of Oblivion {Int+3 Dex+3}
 38506 | Vaults:5 | Identified the ring of the Bull {rPois MP+9 Str+4 Dex+6}
 38512 | Vaults:5 | Identified the +6 scale mail "Ixe Tueg" {Harm rPois}
 38918 | Vaults:5 | Got a silver rune of Zot
 38943 | Vaults:5 | Identified the Papyrus of Boosts
 39034 | Vaults:5 | Found the +8 orange crystal plate armour {Archmagi, Int+3
                  | Clar}
 39487 | Vaults:5 | Identified the Tome of Displacement
 39739 | Crypt:1  | Entered Level 1 of the Crypt
 39999 | Vaults:2 | Reached XP level 23. HP: 223/223 MP: 10/10
 40091 | Vaults:2 | Found Zadwoc's Weapon Shoppe.
 40197 | Vaults:2 | Found Ulytuag's Magic Scroll Boutique.
 40200 | Vaults:2 | Bought a scroll of blinking for 150 gold pieces
 40200 | Vaults:2 | Bought a scroll of identify for 40 gold pieces
 40200 | Vaults:2 | Bought a scroll of identify for 40 gold pieces
 40200 | Vaults:2 | Bought a scroll of acquirement for 1040 gold pieces
 40201 | Vaults:2 | Got the ring "Fugofakh" {+Fly rPois rC+ rCorr Str-4}
 41383 | Depths:1 | Entered Level 1 of the Depths
 41805 | Depths:1 | Found Arrism's Jewellery Emporium.
 41816 | Depths:1 | Found Ponnef's Gadget Boutique.
 41817 | Depths:1 | Found Yggeigop's Jewellery Emporium.
 41822 | Depths:1 | Bought an uncursed amulet of reflection for 420 gold pieces
 41842 | Depths:1 | Found a gateway to Hell.
 42003 | Vaults:2 | Bought a scroll of enchant weapon for 150 gold pieces
 42360 | Depths:1 | Found Fyeq's Jewellery Shoppe.
 42384 | Depths:1 | Found a one-way gate to the infinite horrors of the Abyss.
 42573 | Depths:1 | Bought the amulet "Detyfa" {Reflect rF+ Str+4 Int+4 SH+5}
                  | for 1155 gold pieces
 42732 | Depths:2 | Paralysed by a floating eye for 4 turns
 42771 | Depths:2 | Found a runed translucent door.
 42771 | Depths:2 | Found a runed translucent door.
 42775 | Depths:2 | Found a runed translucent door.
 42787 | Depths:2 | Reached skill level 21 in Long Blades
 43055 | Depths:2 | Noticed the Enchantress
 43093 | Depths:2 | Killed the Enchantress
 43380 | Depths:2 | Noticed Nikola
 43400 | Depths:2 | Killed Nikola
 43419 | Depths:2 | Found a gateway to a ziggurat.
 44258 | Depths:2 | Gained mutation: You are clumsy. (Dex -2) [a shining eye]
 44262 | Depths:2 | Gained mutation: Your body sometimes deteriorates upon
                  | taking damage. [a shining eye]
 44586 | Depths:2 | Identified the amulet "Zuasoomp" {Faith rC+ rN+ Slay+2}
 44609 | Depths:2 | Identified the ring of Wonder {rN+ MR- Int+2 Dex+2 SInv}
                  | (You found it on level 2 of the Depths)
 44621 | Depths:2 | Got a twitching golden ring
 44622 | Depths:2 | Identified the ring "Ryewk" {rElec rPois rF+ Str-4} (You
                  | found it on level 2 of the Depths)
 44625 | Depths:2 | Identified the amulet "Mogra" {Spirit +Inv rPois Int+3}
                  | (You found it on level 2 of the Depths)
 44914 | Depths:3 | Found a one-way gate leading to the halls of Pandemonium.
 45071 | Depths:3 | Reached XP level 24. HP: 219/236 MP: 8/8
 45103 | Depths:3 | Noticed Saint Roka
 45149 | Depths:3 | Killed Saint Roka
 45390 | Depths:3 | Found Jaaxzu's Distillery.
 45398 | Depths:3 | Bought 2 potions of curing for 102 gold pieces
 45398 | Depths:3 | Bought a potion of resistance for 170 gold pieces
 45398 | Depths:3 | Bought a potion of heal wounds for 85 gold pieces
 45398 | Depths:3 | Bought a potion of heal wounds for 85 gold pieces
 45398 | Depths:3 | Bought a potion of curing for 51 gold pieces
 45398 | Depths:3 | Bought a potion of heal wounds for 85 gold pieces
 45398 | Depths:3 | Bought a potion of haste for 170 gold pieces
 45398 | Depths:3 | Bought a potion of haste for 170 gold pieces
 45398 | Depths:3 | Found Nocu's Antique Weapon Boutique.
 45690 | Depths:3 | You fall into a shaft and drop 1 floor!
 46816 | Depths:5 | Entered Level 5 of the Depths
 47040 | Depths:5 | Reached skill level 22 in Long Blades
 47178 | Depths:5 | Reached XP level 25. HP: 247/247 MP: 8/8
 47200 | Depths:5 | Found a gate to the Realm of Zot.
 47349 | Depths:5 | Noticed a juggernaut
 47367 | Depths:5 | Killed a juggernaut
 47678 | Depths:5 | Found Jiut's Weapon Boutique.
 48933 | Crypt:2  | Noticed Jory
 48949 | Crypt:2  | Killed Jory
 49145 | Crypt:2  | Noticed Mara
 49155 | Crypt:2  | Noticed robertstho's illusion
 49168 | Crypt:2  | Killed Mara
 49453 | Crypt:3  | Entered Level 3 of the Crypt
 49579 | Crypt:3  | Found a staircase to the Tomb.
 50095 | Crypt:3  | Noticed an ancient lich
 50104 | Crypt:3  | Killed an ancient lich
 50120 | Crypt:3  | Got a brightly glowing tin ring
 50120 | Crypt:3  | Got a fine silver ring
 50120 | Crypt:3  | Got a pitted amber ring
 50121 | Crypt:3  | Identified the ring of Syndicalism {*Corrode rN+ Str-2
                  | Int+4 Dex+9} (You found it on level 3 of the Crypt)
 50122 | Crypt:3  | Identified the ring "Xiamer" {*Contam rC- rN+ Str+5 Slay+5}
                  | (You found it on level 3 of the Crypt)
 50123 | Crypt:3  | Identified the ring "Ememoibe" {rN+ MR+++ MP+9 Int-2
                  | Stlth+} (You found it on level 3 of the Crypt)
 50127 | Crypt:3  | Identified a +2 pair of boots of running (You found it on
                  | level 3 of the Crypt)
 50130 | Crypt:3  | Identified the +8 war axe of Exoneration {venom, rN+} (You
                  | found it on level 3 of the Crypt)
 50134 | Crypt:3  | Identified the cursed +0 helmet "Dyuxzoq" {rF+ Int+2 Dex+4}
                  | (You found it on level 3 of the Crypt)
 50432 | Tomb:1   | Entered Level 1 of the Tomb of the Ancients
 50542 | Tomb:1   | Paralysed by a sphinx for 7 turns
 50575 | Tomb:1   | Paralysed by a sphinx for 6 turns
 50681 | Tomb:1   | Reached XP level 26. HP: 250/258 MP: 8/8
 50849 | Tomb:1   | Noticed a greater mummy
 50867 | Tomb:1   | Killed a greater mummy
 51286 | Hell     | Entered the Vestibule of Hell
 51286 | Hell     | Noticed Geryon
 51323 | Hell     | HP: 13/260 [smoke demon/divine providence (13)]
 51379 | Hell     | Killed Geryon
 51630 | Hell     | Found a gateway to the freezing wastes of Cocytus.
 51774 | Hell     | Found a gateway to the ashen valley of Gehenna.
 51778 | Hell     | Gained mutation: You have supernaturally acute eyesight.
                  | (SInv) [a cacodemon]
 51779 | Hell     | Lost mutation: You have supernaturally acute eyesight.
                  | (SInv) [a cacodemon]
 51783 | Hell     | Reached skill level 23 in Long Blades
 51881 | Hell     | Found a gateway to the decaying netherworld of Tartarus.
 51953 | Hell     | Found a gateway to the Iron City of Dis.
 52747 | Geh:1    | Entered Level 1 of Gehenna
 52814 | Geh:1    | Reached skill level 5 in Stealth
 53080 | Geh:2    | Paralysed by a lich for 6 turns
 53085 | Geh:2    | HP: 10/261 [lich/bolt of lightning (5)]
 53643 | Zot:1    | Entered Level 1 of the Realm of Zot
 54693 | Zot:2    | Reached XP level 27. HP: 270/270 MP: 0/0
 55263 | Zot:3    | HP: 8/272 [purple draconian monk (13)]
 55263 | Zot:3    | Annihilated by a purple draconian monk

Illustrated notes

Levels and vault maps discovered:
D:1:      mrwooster_arrival_statue, layout_rooms
D:2:      layout_loops_corners, uniq_sigmund
D:3:      layout_rooms, serial_corexii_hall, chequers_hall_statues_corner_a,
          corexii_hall_statues_x, corexii_hall_statues_x,
          corexii_hall_statues_x, hellmonk_ghost_happy_afterlife
D:4:      layout_loops_corners, chequers_temple_overflow_minitemple,
          nicolae_overflow_hidden_temple, first_ration
D:5:      layout_loops_cross, gammafunk_ghost_arena, kennysheep_generic_room_13
D:6:      layout_gridville, lemuel_doored_altar, serial_shops, shop, shop
D:7:      layout_loops_ring, minmay_temple_entry_statues_pillars
D:8:      corexii_shantytown, layout_loops_corners, minmay_lair_entry_grove,
          hangedman_little_slice_of_home
D:9:      layout_basic, kennysheep_mini, marbit_many_paths, solitary_fountain,
          uniq_harold, uniq_maggie
D:10:     layout_big_octagon, erik_orc_3, serial_column_ruins,
          column_ruins_hut_water, column_ruins_square_small,
          column_ruins_open_tiny, column_ruins_grid_4,
          column_ruins_corridor_dead_end, column_ruins_open_medium,
          kennysheep_path_1, uniq_erica
D:11:     layout_roguey
D:12:     layout_roguey, portal_ice_cave_entry_imps, serial_shops,
          nicolae_shop_statue_plus, st_stairs_10
D:13:     layout_irregular_city, david_vaults_1, basic_altar
D:14:     layout_cave_pods, grunt_decor_cap, serial_rivers,
          chequers_serial_rivers_micro_a, chequers_serial_rivers_large_a,
          chequers_serial_rivers_small_a, chequers_serial_rivers_room_b,
          gauntlet_entry_generic, nicolae_qazlal_style_of_elements
D:15:     grunt_enter_depths_giant_problem, layout_cave_pods
Temple:   nicolae_temple_figure_eight
Lair:1:   layout_regular_city, gammafunk_ghost_grave, minivault_11,
          hibernation_bobbens
Lair:2:   layout_loops_ring, elwin_shoals_entry_rocks, spider_nest_entry_rubble
Lair:3:   gammafunk_lair_enchanted_lake, layout_long_grid, pond,
          grunt_megastairs_3
Lair:4:   layout_regular_city, gammafunk_ghost_necromancy,
          minmay_lair_oklob_items, minmay_lindwurm_lava, uniq_snorg, uniq_rupert
Lair:5:   layout_cave_pods, uniq_sonja
Lair:6:   hangedman_lair_in_review, layout_gridlike, slime_dummy, serial_forest,
          infiniplex_forest_end_1, infiniplex_forest_clump_curved,
          infiniplex_forest_clump_tiny, infiniplex_forest_straight_3,
          infiniplex_forest_clump_double
Shoals:1: layout_shoals, serial_shops, nicolae_shop_waterfront,
          nicolae_shoals_aquamancer_cove
Shoals:2: layout_shoals, nicolae_shoals_undead_eyrie
Shoals:3: layout_shoals, serial_shops, shop
Shoals:4: shoals_end_grunt_ice, layout_shoals
Spider:1: layout_spider_delve, uniq_azrael
Spider:2: layout_spider_delve
Spider:3: layout_spider_delve, ebering_ghost_reflecting_pool,
          hangedman_spider_tarantella_strand, uniq_jorgrun
Spider:4: floodkiller_spider_rune_tomb, uniq_aizul
Orc:1:    nicolae_orc_accident_1, layout_caves, serial_shops, shop,
          mines_bat_river
Orc:2:    grunt_orc_community_town_hall, layout_diamond_mine,
          grunt_orc_community_big_house_1, grunt_orc_community_big_house_1,
          grunt_orc_community_house_2, grunt_orc_community_house_2,
          grunt_orc_community_house_2, grunt_orc_community_house_2,
          grunt_orc_community_house_1
Elf:1:    minmay_elf_arrival_plus, layout_gridlike, minivault_28
Elf:2:    layout_geoelf_octagon, minmay_elf_necromancy
Elf:3:    grunt_elf_hall_branching, layout_loops_corners, lemuel_blue_sif_altar
Vaults:1: nicolae_vaults_network_s, nicolae_vaults_windows_and_doors_thing,
          v_misc_33, nicolae_vaults_theta, vaults_room_corners,
          vaults_room_semicircle, ontoclasm_vaults_decontamination,
          nicolae_vaults_rhombus_5, layout_vaults_chaotic_city
Vaults:2: nicolae_vaults_back_hallway, v_misc_26, grunt_vaults_hallway_short,
          v_misc_25, v_pattern_4, v_rooms_3, v_misc_22, vaults_room_semicircle,
          nicolae_vaults_ring_of_whatevers, nicolae_vaults_network_periphery,
          layout_vaults_ring, serial_shops, shop, nicolae_shop_behind_doors
Vaults:3: nicolae_vaults_mini_display_case, grunt_vaults_bifocal,
          blue_anna_dwarven_crypt, hangedman_vaults_restitches, v_misc_15,
          vaults_mumra_minichess, hangedman_vaults_impose, st_check,
          layout_vaults_quadrants, portal_desolation_entry_nicolae_nacl
Vaults:4: ontoclasm_vaults_fault, vaults_room_pools, v_misc_4, v_misc_33,
          v_misc_1, ontoclasm_vaults_eye, vaults_room_door_ring,
          hangedman_vaults_snaps, hangedman_vaults_cutoff,
          hangedman_vaults_impose, ontoclasm_vaults_idyll,
          nicolae_vaults_specimen_jars, layout_vaults_omnicross
Vaults:5: serial_shops
Crypt:1:  layout_rooms
Crypt:2:  layout_catacombs, uniq_jory, uniq_mara
Crypt:3:  david_glass_crypt, layout_gridlike, tomb_entry_sphere_bobbens
Tomb:1
Depths:1: layout_cave_pools, minmay_misc_feat_x, abyss_entry, serial_shops,
          nicolae_shop_competitors_out_of_business, hell_entry, st_stairs_4,
          eino_curves_02, dpeg_stationary_puzzle, minmay_shop_grove
Depths:2: minmay_the_grid_triangle_9x9_rhombus_thin
          [minmay_the_grid_triangle_9x9_fully_insulated_deathbox,
          minmay_the_grid_triangle_9x9_prize_special,
          minmay_the_grid_triangle_9x9_sprig,
          minmay_the_grid_triangle_9x9_negative_grid], layout_gridlike,
          enter_ziggurat_d, hell_entry, kennysheep_donut, evilmike_butchery,
          infiniplex_staircase_zigzag_1, serial_bayou_shore_a, uniq_nikola,
          uniq_enchantress
Depths:3: hangedman_elemental_death_ray, layout_cave_pools,
          rand_demon_pan_entry_5, abyss_entry, corexii_corridor_pit, hell_entry,
          minmay_gold_behind_fungi, minmay_shoptagon, uniq_saint_roka
Depths:4: minmay_stepped, layout_cave_pools, abyss_entry_crystal,
          grunt_hell_horde, laboratory, infiniplex_staircase_zigzag_5,
          serial_bayou_shore_b
Depths:5: grunt_crosshair, layout_gridlike, serial_glass, glass_columns_a,
          glass_columns_a, glass_columns_b, glass_columns_a, glass_columns_a,
          glass_columns_b, minmay_misc_feat_tower, minmay_room_of_horrors,
          hell_entry, pan_entry, serial_shops, shop, grunt_ministairs_1,
          infiniplex_staircase_pool_lava
Hell
Geh:1:    layout_gehenna_lava_caves
Geh:2:    layout_gehenna_lava_caves
Zot:1:    layout_onion, hangedman_zot_decor_scrapings, st_stairs_12
Zot:2:    layout_onion_interference, grunt_megastairs_2
Zot:3:    layout_misc_corridors

Skill      XL: |  1  2  3  4  5  6  7  8  9 10 11 12 13 14 15 16 17 18 19 20 21 22 23 24 25 26 |
---------------+-------------------------------------------------------------------------------+-----
Fighting       | 3 4 5 6 7 8 9 10 11 12 13 14 15 16 17 18 19 20 | 20.9
Dodging        | 1 2 3 4 5 6 7 8 9 10 11 12 13 14 15 16 17 18 | 18.2
Axes           | 4 5 6 8 10 11 12 13 14 15 16 | 16.1
Armour         | 4 5 6 7 8 10 11 12 13 14 15 16 17 18 19 20 | 20.5
Shields        | 4 5 6 7 9 10 11 12 13 | 13.5
Stealth        | 1 2 3 4 5 |  5.5
Invocations    | 2 4 7 8 9 10 11 12 13 15 16 17 18 19 20 | 20.7
Long Blades    | 4 6 8 10 12 13 15 17 18 19 20 21 22 23 | 23.6
Evocations     | 1 2 3 |  3.3

Action                   |  1- 3 |  4- 6 |  7- 9 | 10-12 | 13-15 | 16-18 | 19-21 | 22-24 | 25-27 || total
-------------------------+-------+-------+-------+-------+-------+-------+-------+-------+-------++-------
Melee: War axe           |   100 |   228 |   378 |       |       |   625 |  1521 |   790 |       ||  3642
       Battleaxe         |       |       |   108 |    68 |       |       |       |       |       ||   176
       Great sword       |       |       |       |   739 |  1129 |  1439 |   705 |  1238 |  1756 ||  7006
       Scimitar          |       |       |       |    28 |    60 |       |       |       |       ||    88
Throw: Dart              |       |       |       |       |     6 |       |       |       |       ||     6
Invok: Lesser Servant of |       |       |       |    10 |    15 |    19 |     3 |       |       ||    47
       Greater Servant o |       |       |       |       |       |     1 |    10 |       |    20 ||    31
 Abil: Heal Wounds       |     1 |     3 |    14 |    25 |    12 |     8 |    24 |    12 |    33 ||   132
       Evoke Ratskin     |       |       |       |       |     2 |       |       |       |       ||     2
Evoke: Wand              |       |       |       |       |     4 |     3 |     2 |     1 |    11 ||    21
       Box of beasts     |       |       |       |       |     1 |       |       |       |     8 ||     9
       Horn of Geryon    |       |       |       |       |       |       |       |       |     2 ||     2
       Phantom mirror    |       |       |       |       |       |       |       |       |     2 ||     2
  Use: Potion            |     1 |     1 |     1 |     4 |     4 |     7 |     8 |       |    22 ||    48
       Scroll            |       |     3 |     5 |    15 |    12 |     4 |    16 |    21 |    14 ||    90
 Stab: Sleeping          |       |       |     4 |     5 |       |       |     1 |       |       ||    10
       Distracted        |       |       |       |       |     4 |     4 |     2 |       |     8 ||    18
       Invisible         |       |       |       |       |       |     5 |       |       |       ||     5
       Confused          |       |       |       |       |       |     7 |     1 |       |     3 ||    11
  Eat: Chunk             |       |     4 |    13 |    24 |    27 |    31 |    28 |    23 |     8 ||   158
       Ration            |       |       |       |     2 |     1 |     1 |     2 |     3 |     6 ||    15
Armor: Scale mail        |    45 |   101 |    62 |   262 |       |       |       |       |       ||   470
       Skin              |       |       |     6 |       |       |       |       |       |       ||     6
       Ring mail         |       |       |   107 |   162 |       |       |       |       |       ||   269
       Plate armour      |       |       |       |   214 |   693 |       |       |       |       ||   907
       Fire dragon scale |       |       |       |       |   228 |  1561 |   936 |   136 |       ||  2861
       Crystal plate arm |       |       |       |       |       |       |       |  1605 |       ||  1605
       Gold dragon scale |       |       |       |       |       |       |       |   143 |  1441 ||  1584
Dodge: Dodged            |    24 |    46 |   176 |   830 |  1130 |  2416 |  1530 |  1222 |  1570 ||  8944
Block: Kite shield       |    50 |     5 |       |       |       |       |       |       |       ||    55
       Tower shield      |       |   208 |   306 |       |       |   744 |  1626 |   848 |       ||  3732
       Other             |       |       |       |       |       |       |       |   342 |   481 ||   823
       Reflection        |       |       |       |       |       |       |       |    15 |     2 ||    17
       Rpst.: Great sword |       |       |       |   221 |   308 |   443 |   185 |   165 |   301 ||  1623
       Scimitar          |       |       |       |     6 |    15 |       |       |       |       ||    21

Table legend:
 A = Non-vault XP
 B = Vault XP
 C = Vault XP percentage of total XP
 D = Non-vault monster count
 E = Vault monster count
 F = Vault count percentage of total count
                 A         B        C        D         E       F
            +---------+---------+-------+---------+---------+-------
      Total |  880234 |  618266 |  41.3 |    1758 |     951 |  35.1
            +---------+---------+-------+---------+---------+-------
        D:1 |      50 |       0 |   0.0 |      23 |       0 |   0.0
        D:2 |      30 |     238 |  88.8 |      17 |       1 |   5.6
        D:3 |     396 |       0 |   0.0 |      26 |       0 |   0.0
        D:4 |     604 |       0 |   0.0 |      26 |       0 |   0.0
        D:5 |     718 |     112 |  13.5 |      20 |       2 |   9.1
        D:6 |    1311 |       0 |   0.0 |      22 |       0 |   0.0
        D:7 |     476 |     250 |  34.4 |       9 |       2 |  18.2
        D:8 |    2256 |    1886 |  45.5 |      29 |      44 |  60.3
        D:9 |    1659 |    1412 |  46.0 |      12 |       3 |  20.0
       D:10 |    1783 |    1471 |  45.2 |      11 |      19 |  63.3
       D:11 |    1108 |       0 |   0.0 |      14 |       0 |   0.0
       D:12 |    4386 |     170 |   3.7 |      32 |      13 |  28.9
       D:13 |    6537 |    1409 |  17.7 |      30 |       3 |   9.1
       D:14 |    6644 |       0 |   0.0 |      17 |       0 |   0.0
       D:15 |   15429 |    1680 |   9.8 |      34 |       1 |   2.9
     Lair:1 |     803 |    1347 |  62.7 |       6 |       2 |  25.0
     Lair:2 |    3168 |     216 |   6.4 |      14 |       1 |   6.7
     Lair:3 |    3146 |    4413 |  58.4 |      14 |      16 |  53.3
     Lair:4 |    6281 |    6476 |  50.8 |      15 |       7 |  31.8
     Lair:5 |    3582 |     760 |  17.5 |      15 |       1 |   6.2
     Lair:6 |    5086 |    7737 |  60.3 |      23 |      18 |  43.9
   Shoals:1 |   12205 |    3215 |  20.8 |      28 |       4 |  12.5
   Shoals:2 |   19307 |     599 |   3.0 |      38 |       4 |   9.5
   Shoals:3 |   17245 |       0 |   0.0 |      41 |       0 |   0.0
   Shoals:4 |   19462 |   18050 |  48.1 |      43 |      35 |  44.9
   Spider:1 |   10711 |    2244 |  17.3 |      36 |       7 |  16.3
   Spider:2 |   15607 |       0 |   0.0 |      47 |       0 |   0.0
   Spider:3 |   11956 |    3200 |  21.1 |      39 |       2 |   4.9
   Spider:4 |   15157 |   34493 |  69.5 |      41 |      72 |  63.7
      Orc:1 |    2410 |     545 |  18.4 |      22 |      11 |  33.3
      Orc:2 |    2819 |    5129 |  64.5 |      58 |      71 |  55.0
      Elf:1 |   14641 |   10423 |  41.6 |      25 |      16 |  39.0
      Elf:2 |   14989 |   27236 |  64.5 |      24 |      38 |  61.3
      Elf:3 |    8458 |   24431 |  74.3 |      14 |      27 |  65.9
   Vaults:1 |   18197 |    9582 |  34.5 |      25 |      18 |  41.9
   Vaults:2 |   27638 |    4534 |  14.1 |      55 |       8 |  12.7
   Vaults:3 |   21190 |   21198 |  50.0 |      30 |      33 |  52.4
   Vaults:4 |   69589 |   20329 |  22.6 |      98 |      28 |  22.2
   Vaults:5 |   60185 |  115368 |  65.7 |      84 |      85 |  50.3
    Crypt:1 |   16391 |       0 |   0.0 |      22 |       0 |   0.0
    Crypt:2 |   26796 |   11505 |  30.0 |      30 |       2 |   6.2
    Crypt:3 |   16784 |   38965 |  69.9 |      23 |      27 |  54.0
     Tomb:1 |    4667 |   28986 |  86.1 |      21 |      13 |  38.2
   Depths:1 |   46479 |    2663 |   5.4 |      69 |       3 |   4.2
   Depths:2 |   16636 |   49737 |  74.9 |      27 |      39 |  59.1
   Depths:3 |   36213 |   16468 |  31.3 |      38 |      27 |  41.5
   Depths:4 |   44451 |   24823 |  35.8 |      39 |      34 |  46.6
   Depths:5 |   48961 |   33095 |  40.3 |      25 |      32 |  56.1
       Hell |   22579 |   25948 |  53.5 |      36 |      55 |  60.4
      Geh:1 |   18638 |       0 |   0.0 |      38 |       0 |   0.0
      Geh:2 |   44301 |       0 |   0.0 |     121 |       0 |   0.0
      Zot:1 |   44014 |     542 |   1.2 |      35 |       1 |   2.8
      Zot:2 |   28545 |    7956 |  21.8 |      24 |       4 |  14.3
      Zot:3 |   25541 |       0 |   0.0 |      19 |       0 |   0.0
    Abyss:2 |   12019 |       0 |   0.0 |      34 |       0 |   0.0
      IceCv |       0 |    2992 | 100.0 |       0 |      21 | 100.0
 Desolation |       0 |   40084 | 100.0 |       0 |      92 | 100.0
   Gauntlet |       0 |    4349 | 100.0 |       0 |       9 | 100.0
            +---------+---------+-------+---------+---------+-------
